[Event "EYCC Open-U10 2019"]
[Site "Bratislava"]
[Date "2019.08.07"]
[Round "6.15"]
[White "Ljepic, Andrej"]
[Black "Dyachuk, Artem"]
[Result "1-0"]
[ECO "B40"]
[WhiteElo "1824"]
[BlackElo "1538"]
[Annotator "NA"]
[PlyCount "67"]
[EventDate "2019.08.02"]
[EventType "swiss"]
[EventCountry "SVK"]
[SourceTitle "playchess.com"]
[Source "ChessBase"]
[SourceQuality "1"]
[TimeControl "40/5400+30:1800+30"]

1. e4 c5 2. Nf3 e6 3. g3 Nc6 4. Bg2 g6 5. O-O Bg7 6. c3 d5 7. exd5 exd5 8. d4 cxd4 9. Nxd4 Nxd4 10. cxd4 Be6 11. Nc3 Ne7 12. Bg5 f6 13. Re1 Qd7 14. Bf4 Rc8 15. Qb3 O-O 16. Re2 Bf7 17. Rae1 Nf5 18. Bh3 Rc4 19. Re7 Qc8 20. Qxb7 Qxb7 21. Rxb7 Nxd4 22. Ree7 f5 23. Bg2 Rc5 24. Bxd5 Rxd5 25. Nxd5 g5 26. Bd6 Bh8 27. Nc3 Rd8 28. Rb8 Rxb8 29. Bxb8 a5 30. Kg2 Bh5 31. f4 Bf6 32. Re1 Bf3+ 33. Kf2 g4 34. Be5 1-0

[Event "EYCC Open-U10 2019"]
[Site "Bratislava"]
[Date "2019.08.07"]
[Round "6.16"]
[White "Efimov, Leonid"]
[Black "Asikainen, Eeli"]
[Result "0-1"]
[ECO "A06"]
[WhiteElo "1773"]
[BlackElo "1447"]
[Annotator "NA"]
[PlyCount "98"]
[EventDate "2019.08.02"]
[EventType "swiss"]
[EventCountry "SVK"]
[SourceTitle "playchess.com"]
[Source "ChessBase"]
[SourceQuality "1"]
[TimeControl "40/5400+30:1800+30"]

1. Nf3 d5 2. g3 e6 3. Bg2 c5 4. O-O Nc6 5. d4 Nf6 6. c4 Be7 7. cxd5 exd5 8. Be3 cxd4 9. Nxd4 O-O 10. Nc3 Re8 11. Rc1 Bf8 12. Qd3 Ne5 13. Qb1 Nc4 14. Bg5 Be7 15. Rfd1 Be6 16. e4 Nxe4 17. Bxe7 Qxe7 18. Nxe4 dxe4 19. Bxe4 Ne5 20. Nxe6 Qxe6 21. Bxh7+ Kh8 22. Be4 Qb6 23. Qc2 Ng4 24. Rd2 Qb4 25. Bf5 Ne5 26. Qd1 Qxd2 27. Qxd2 Nf3+ 28. Kg2 Nxd2 29. Rc7 Ne4 30. h4 Nd6 31. Bd3 Rac8 32. Rd7 Rc6 33. Kf3 Kg8 34. h5 Nc4 35. Bxc4 Rxc4 36. Rxb7 Rc2 37. g4 Ree2 38. g5 Rxf2+ 39. Ke4 Rxb2 40. Rxa7 Rxa2 41. Rb7 Rg2 42. Rb5 Ra4+ 43. Kf5 Rag4 44. Rb8+ Kh7 45. g6+ fxg6+ 46. hxg6+ Rxg6 47. Rb1 Rf6+ 48. Ke5 Re2+ 49. Kd5 Rf8 0-1

[Event "EYCC Open-U10 2019"]
[Site "Bratislava"]
[Date "2019.08.07"]
[Round "6.17"]
[White "Khoo-Thwe, Louis"]
[Black "Yonal, Timur"]
[Result "0-1"]
[ECO "B30"]
[WhiteElo "1746"]
[BlackElo "1512"]
[Annotator "NA"]
[PlyCount "112"]
[EventDate "2019.08.02"]
[EventType "swiss"]
[EventCountry "SVK"]
[SourceTitle "playchess.com"]
[Source "ChessBase"]
[SourceQuality "1"]
[TimeControl "40/5400+30:1800+30"]

1. e4 c5 2. Nf3 Nc6 3. Bb5 e6 4. O-O Nge7 5. Re1 g6 6. c3 Bg7 7. d4 cxd4 8. cxd4 Qb6 9. Na3 d5 10. exd5 Nxd5 11. Nc4 Qc7 12. Nce5 O-O 13. Bxc6 bxc6 14. Qa4 Bb7 15. Bd2 Nb6 16. Qa5 Rfd8 17. Bf4 Qe7 18. Rac1 Rd5 19. Qc3 Rc8 20. Qe3 c5 21. dxc5 Rdxc5 22. Qa3 Nd5 23. Rxc5 Qxc5 24. Qxc5 Rxc5 25. Bg3 Rc2 26. Nd3 Ba6 27. Nf4 Nxf4 28. Bxf4 Bc4 29. b3 Bd5 30. Rc1 Rxc1+ 31. Bxc1 Bxf3 32. gxf3 Be5 33. Be3 a6 34. Kf1 Bxh2 35. f4 e5 36. f5 Bf4 37. Bxf4 exf4 38. f6 Kf8 39. b4 Ke8 40. a4 Kd7 41. Ke2 h5 42. Kf3 g5 43. Ke4 h4 44. b5 axb5 45. axb5 h3 46. Kf3 Kc7 47. b6+ Kxb6 48. Kg4 h2 49. Kxg5 h1=Q 50. Kf5 Kc6 51. Kg5 Kd5 52. Kf5 f3 53. Kg4 Ke5 54. Kg5 Qg2+ 55. Kh5 Kf5 56. Kh6 Qg6# 0-1

[Event "EYCC Open-U10 2019"]
[Site "Bratislava"]
[Date "2019.08.07"]
[Round "6.18"]
[White "Mehtizada, Murad"]
[Black "Deveci, Huseyin Said"]
[Result "0-1"]
[ECO "A45"]
[WhiteElo "1516"]
[BlackElo "1558"]
[Annotator "NA"]
[PlyCount "60"]
[EventDate "2019.08.02"]
[EventType "swiss"]
[EventCountry "SVK"]
[SourceTitle "playchess.com"]
[Source "ChessBase"]
[SourceQuality "1"]
[TimeControl "40/5400+30:1800+30"]

1. d4 Nf6 2. e3 g6 3. Bd3 Bg7 4. c3 O-O 5. f4 d6 6. Nf3 Nbd7 7. O-O e5 8. e4 exd4 9. cxd4 c5 10. d5 b5 11. Re1 c4 12. Bc2 Nc5 13. a3 Re8 14. Nc3 Bb7 15. Bd2 a6 16. Re2 Qd7 17. Qe1 Rad8 18. Rd1 Qc7 19. Bc1 Qb6 20. Qf2 Ng4 21. Qh4 Nxe4+ 22. Kf1 Nxc3 23. Rxe8+ Rxe8 24. bxc3 Nf6 25. f5 Bxd5 26. fxg6 fxg6 27. Ng5 Bxg2+ 28. Kxg2 Re2+ 29. Kf1 Rxc2 30. Re1 Qc6 0-1

[Event "EYCC Open-U10 2019"]
[Site "Bratislava"]
[Date "2019.08.07"]
[Round "6.19"]
[White "Shearsby, Jude"]
[Black "Bartodziej, Bartosz"]
[Result "1-0"]
[ECO "A45"]
[WhiteElo "1486"]
[BlackElo "1526"]
[Annotator "NA"]
[PlyCount "79"]
[EventDate "2019.08.02"]
[EventType "swiss"]
[EventCountry "SVK"]
[SourceTitle "playchess.com"]
[Source "ChessBase"]
[SourceQuality "1"]
[TimeControl "40/5400+30:1800+30"]

1. d4 Nf6 2. Bf4 b6 3. e3 Bb7 4. Nf3 g6 5. Bd3 Bg7 6. Nc3 d6 7. e4 d5 8. e5 Nfd7 9. e6 fxe6 10. Ng5 Nf8 11. Qf3 Bf6 12. Be5 Nbd7 13. Qf4 Nxe5 14. dxe5 Bxg5 15. Qxg5 Qd7 16. Qh6 Rg8 17. h4 O-O-O 18. Nb5 d4 19. Nxa7+ Kb8 20. Nb5 Qd5 21. Qg5 Qxg2 22. Qxe7 Nd7 23. O-O-O Qxf2 24. Rhe1 Bf3 25. Qa3 Bb7 26. Qa7+ Kc8 27. Be4 Nc5 28. Bxb7+ Nxb7 29. Qa8+ Kd7 30. Qxb7 Ke7 31. Qxc7+ Rd7 32. Qc4 d3 33. cxd3 Rd5 34. Nc3 Rc5 35. Qb4 Kd7 36. Qa4+ Kc7 37. Qa7+ Kc6 38. Qa4+ Kb7 39. Qe4+ Kc7 40. Rf1 1-0

[Event "EYCC Open-U10 2019"]
[Site "Bratislava"]
[Date "2019.08.07"]
[Round "6.20"]
[White "Gordeev, Denis"]
[Black "Kisic, Jovan"]
[Result "1-0"]
[ECO "A45"]
[WhiteElo "1467"]
[BlackElo "1757"]
[Annotator "NA"]
[PlyCount "87"]
[EventDate "2019.08.02"]
[EventType "swiss"]
[EventCountry "SVK"]
[SourceTitle "playchess.com"]
[Source "ChessBase"]
[SourceQuality "1"]
[TimeControl "40/5400+30:1800+30"]

1. d4 Nf6 2. Nc3 e6 3. e4 Bb4 4. Bd3 h6 5. Nge2 b6 6. a3 Bxc3+ 7. Nxc3 Bb7 8. O-O O-O 9. Be3 d6 10. f4 c5 11. dxc5 dxc5 12. Qf3 Qe7 13. Rae1 Nbd7 14. g4 Nh7 15. Qg3 e5 16. f5 Rac8 17. b3 a6 18. a4 Rfd8 19. h4 f6 20. Bc4+ Kf8 21. Qh3 Ra8 22. Rf2 Ke8 23. Nd5 Bxd5 24. Bxd5 Rab8 25. Rg2 Rdc8 26. Rd1 Nhf8 27. g5 h5 28. Qf3 Kd8 29. Qxh5 Kc7 30. g6 c4 31. Bxc4 Nc5 32. Bd5 Rd8 33. Qe2 Rd7 34. Qc4 Kd8 35. Rgd2 Rc8 36. Qb4 Kc7 37. a5 Kd8 38. Qxb6+ Rcc7 39. Bc6 Rxd2 40. Rxd2+ Ncd7 41. Qb8+ Rc8 42. Bb6+ Ke8 43. Qxc8+ Qd8 44. Qxd8# 1-0

[Event "EYCC Open-U10 2019"]
[Site "Bratislava"]
[Date "2019.08.07"]
[Round "6.21"]
[White "Tabuenca Mendataurigoitia, Dani"]
[Black "Tolmacevs, Artjoms"]
[Result "1-0"]
[ECO "B23"]
[WhiteElo "1765"]
[BlackElo "1583"]
[Annotator "NA"]
[PlyCount "129"]
[EventDate "2019.08.02"]
[EventType "swiss"]
[EventCountry "SVK"]
[SourceTitle "playchess.com"]
[Source "ChessBase"]
[SourceQuality "1"]
[TimeControl "40/5400+30:1800+30"]

1. e4 c5 2. Nc3 d6 3. d4 cxd4 4. Qxd4 a6 5. b3 e5 6. Qd2 Nf6 7. Bb2 Be7 8. O-O-O b5 9. f3 Bb7 10. Kb1 Nbd7 11. g4 Nb6 12. Nh3 Nfd7 13. Rg1 b4 14. Ne2 a5 15. Ng3 d5 16. Nf5 O-O 17. f4 f6 18. exd5 Bxd5 19. Bg2 Bxg2 20. Qxg2 Bc5 21. Rge1 Qc7 22. fxe5 Nxe5 23. Nf4 Rfe8 24. Nh5 Bf8 25. g5 Qc6 26. Qxc6 Nxc6 27. gxf6 g6 28. Rg1 Kf7 29. Nd6+ Bxd6 30. Rxd6 Re6 31. Rxe6 Kxe6 32. Ng7+ Kf7 33. Re1 Nd7 34. Ne6 h6 35. Nd4 Nce5 36. Nf3 Nc6 37. Rd1 Rd8 38. Rd6 Ndb8 39. Ne5+ Kg8 40. f7+ Kf8 41. Bc1 g5 42. Rxh6 Nxe5 43. Rh8+ Kxf7 44. Rxd8 Nbc6 45. Rd6 g4 46. Bf4 Ke7 47. Rh6 Kd7 48. h3 gxh3 49. Bxe5 Nxe5 50. Rxh3 Kd6 51. c3 Nc6 52. Rh6+ Kc5 53. c4 a4 54. Rxc6+ Kxc6 55. bxa4 Kc5 56. a5 Kc6 57. Kb2 Kc5 58. Kb3 Kc6 59. Kxb4 Kb7 60. Kb5 Ka7 61. c5 Kb7 62. a6+ Ka7 63. c6 Ka8 64. Kb6 Kb8 65. c7+ 1-0

[Event "EYCC Open-U10 2019"]
[Site "Bratislava"]
[Date "2019.08.07"]
[Round "6.22"]
[White "Agasarov, Benik"]
[Black "Dimitrov, Martin"]
[Result "1-0"]
[ECO "A06"]
[WhiteElo "1697"]
[BlackElo "1473"]
[Annotator "NA"]
[PlyCount "101"]
[EventDate "2019.08.02"]
[EventType "swiss"]
[EventCountry "SVK"]
[SourceTitle "playchess.com"]
[Source "ChessBase"]
[SourceQuality "1"]
[TimeControl "40/5400+30:1800+30"]

1. Nf3 d5 2. g3 c6 3. Bg2 Bf5 4. O-O Nf6 5. d4 e6 6. Nbd2 Nbd7 7. c4 h6 8. b3 Bd6 9. Bb2 O-O 10. Re1 a5 11. a3 Qe7 12. Ne5 Bc7 13. Qc1 Rac8 14. Nxd7 Nxd7 15. e4 dxe4 16. Bxe4 Bxe4 17. Nxe4 Rfd8 18. Qc3 Qf8 19. Rad1 e5 20. d5 cxd5 21. Rxd5 Nb6 22. Rb5 a4 23. b4 Rd4 24. c5 Nc4 25. Rxb7 f5 26. Nd6 Bxd6 27. cxd6 Nxb2 28. Qxb2 Qxd6 29. Rb5 Re8 30. Qa2+ Kf8 31. Qc2 Qd7 32. Rbxe5 Rxe5 33. Rxe5 Rd1+ 34. Kg2 Rd5 35. Rxd5 Qxd5+ 36. Kg1 Ke7 37. Qxa4 Qe5 38. Qa7+ Kf8 39. Qe3 Qf6 40. b5 Qd6 41. b6 Qc6 42. Qb3 Qc1+ 43. Kg2 Qc6+ 44. f3 Qb7 45. a4 Ke7 46. a5 Kf6 47. Qc3+ Ke6 48. Qc4+ Kf6 49. Qb5 g5 50. a6 Qf7 51. Qb2+ 1-0

[Event "EYCC Open-U10 2019"]
[Site "Bratislava"]
[Date "2019.08.07"]
[Round "6.23"]
[White "Torosyan, Bagrat"]
[Black "Tykheev, Aldar"]
[Result "0-1"]
[ECO "D00"]
[WhiteElo "1586"]
[BlackElo "1434"]
[Annotator "NA"]
[PlyCount "144"]
[EventDate "2019.08.02"]
[EventType "swiss"]
[EventCountry "SVK"]
[SourceTitle "playchess.com"]
[Source "ChessBase"]
[SourceQuality "1"]
[TimeControl "40/5400+30:1800+30"]

1. d4 d5 2. Bf4 Nf6 3. e3 c5 4. c3 e6 5. Nf3 Nc6 6. Nbd2 Bd6 7. Bg3 Bxg3 8. hxg3 Qd6 9. Bb5 Nd7 10. Ng5 h6 11. f4 cxd4 12. exd4 a6 13. Bd3 Nf6 14. Qe2 Bd7 15. O-O-O Qe7 16. Rde1 O-O-O 17. Ngf3 Kb8 18. Nb3 Bc8 19. Nfd2 Nd7 20. Kb1 Ka7 21. Qf2 Kb8 22. Nf3 Qf6 23. Ne5 Ndxe5 24. dxe5 Qe7 25. Nd4 Qc5 26. Bc2 Nxd4 27. cxd4 Qe7 28. g4 b6 29. f5 Ka7 30. Re3 a5 31. Rf3 exf5 32. gxf5 Rde8 33. f6 gxf6 34. Rxf6 Be6 35. Rhxh6 Reg8 36. g4 Rxh6 37. Rxh6 Rxg4 38. Rf6 Rg7 39. Bf5 Bxf5+ 40. Rxf5 Rh7 41. Rf6 Rh1+ 42. Kc2 Qc7+ 43. Kd2 Qc1+ 44. Ke2 Qd1+ 45. Ke3 Re1+ 46. Kf4 Rf1 47. Qxf1 Qxf1+ 48. Ke3 Qg1+ 49. Kd3 Qg3+ 50. Kc2 Ka6 51. a3 Qe3 52. Rxf7 Qxd4 53. Kb1 Qxe5 54. Rf1 Qe4+ 55. Ka1 d4 56. b4 axb4 57. axb4 Qd3 58. b5+ Qxb5 59. Rf2 d3 60. Ra2+ Kb7 61. Rb2 Qa4+ 62. Kb1 Qd1+ 63. Ka2 d2 64. Rb1 Qxb1+ 65. Kxb1 d1=Q+ 66. Kb2 Qd3 67. Ka1 Qd2 68. Kb1 Ka6 69. Ka1 Ka5 70. Kb1 Ka4 71. Ka1 Ka3 72. Kb1 Qd1# 0-1

[Event "EYCC Open-U10 2019"]
[Site "Bratislava"]
[Date "2019.08.07"]
[Round "6.24"]
[White "Panda, Barnabas"]
[Black "Blumenthal, Michael"]
[Result "1-0"]
[ECO "A52"]
[WhiteElo "1625"]
[BlackElo "1311"]
[Annotator "NA"]
[PlyCount "57"]
[EventDate "2019.08.02"]
[EventType "swiss"]
[EventCountry "SVK"]
[SourceTitle "playchess.com"]
[Source "ChessBase"]
[SourceQuality "1"]
[TimeControl "40/5400+30:1800+30"]

1. d4 Nf6 2. c4 e5 3. dxe5 Ng4 4. Nf3 Nc6 5. e3 Ngxe5 6. Be2 Bc5 7. O-O d6 8. Nc3 O-O 9. b3 Be6 10. Bb2 f6 11. Nd4 Bf7 12. Nxc6 Nxc6 13. Nd5 a5 14. a4 Nb4 15. Nxb4 Bxb4 16. Qc2 Bg6 17. Bd3 Bxd3 18. Qxd3 Kh8 19. Rfd1 Qe7 20. Rac1 Rad8 21. Qf5 Qd7 22. Qf3 Qc6 23. Qg3 Rfe8 24. Rd4 Bc5 25. Rg4 Re7 26. Qh4 Rf7 27. Qh5 Rdf8 28. Rh4 g5 29. Bxf6+ 1-0

[Event "EYCC Open-U10 2019"]
[Site "Bratislava"]
[Date "2019.08.07"]
[Round "6.25"]
[White "Sava, Robert-Gabriel"]
[Black "Sommer, Justus"]
[Result "0-1"]
[ECO "C88"]
[WhiteElo "1292"]
[BlackElo "1671"]
[Annotator "NA"]
[PlyCount "86"]
[EventDate "2019.08.02"]
[EventType "swiss"]
[EventCountry "SVK"]
[SourceTitle "playchess.com"]
[Source "ChessBase"]
[SourceQuality "1"]
[TimeControl "40/5400+30:1800+30"]

1. e4 e5 2. Nf3 Nc6 3. Bb5 a6 4. Ba4 Nf6 5. O-O Be7 6. Re1 b5 7. Bb3 d6 8. a4 b4 9. h3 O-O 10. c3 Bb7 11. d4 a5 12. Nbd2 Nd7 13. Nf1 exd4 14. cxd4 Bf6 15. Ng3 g6 16. Bh6 Re8 17. Qd2 Bg7 18. Bxg7 Kxg7 19. Ng5 Rf8 20. d5 Nce5 21. Qd4 Qxg5 22. Kh2 Qf6 23. Qd2 Nc5 24. Bc2 Nc4 25. Qe2 Ne5 26. b3 Ba6 27. Qd2 Ned3 28. Bxd3 Nxd3 29. Re3 Qxa1 30. Rxd3 Bxd3 31. Qg5 Qe5 32. Qg4 h5 33. Qf3 Bxe4 34. Qd1 h4 35. Qg4 hxg3+ 36. fxg3 f5 37. Qd1 f4 38. Qc1 fxg3+ 39. Kh1 Bxg2+ 40. Kxg2 Rf2+ 41. Kg1 Re8 42. Qxc7+ Re7 43. Qc3 Qxc3 0-1

[Event "EYCC Open-U10 2019"]
[Site "Bratislava"]
[Date "2019.08.07"]
[Round "6.26"]
[White "Bazilius, Augustinas"]
[Black "Hasanli, Ziya"]
[Result "1-0"]
[ECO "D38"]
[WhiteElo "1666"]
[BlackElo "1315"]
[Annotator "NA"]
[PlyCount "63"]
[EventDate "2019.08.02"]
[EventType "swiss"]
[EventCountry "SVK"]
[SourceTitle "playchess.com"]
[Source "ChessBase"]
[SourceQuality "1"]
[TimeControl "40/5400+30:1800+30"]

1. d4 Nf6 2. c4 e6 3. Nf3 d5 4. Nc3 Bb4 5. Bg5 O-O 6. e3 b6 7. Bd3 Bb7 8. a3 Bxc3+ 9. bxc3 c5 10. O-O Nbd7 11. Qe2 h6 12. Bh4 Rc8 13. cxd5 exd5 14. Bb5 Qc7 15. Bg3 Qd8 16. Ba6 Bxa6 17. Qxa6 Ne4 18. Rac1 Nxg3 19. hxg3 Qc7 20. Qd3 cxd4 21. cxd4 Qxc1 22. Rxc1 Rxc1+ 23. Kh2 Nf6 24. Ne5 Ne4 25. Qe2 Rfc8 26. Qf3 f6 27. Nd3 R1c3 28. Qf5 Rd8 29. Nb4 Rxa3 30. Nxd5 Re8 31. Qd7 Kf8 32. f3 1-0

[Event "EYCC Open-U10 2019"]
[Site "Bratislava"]
[Date "2019.08.07"]
[Round "6.27"]
[White "Derbenev, Arseniy"]
[Black "Wielgus, Wojciech"]
[Result "0-1"]
[ECO "D01"]
[WhiteElo "1219"]
[BlackElo "1655"]
[Annotator "NA"]
[PlyCount "109"]
[EventDate "2019.08.02"]
[EventType "swiss"]
[EventCountry "SVK"]
[SourceTitle "playchess.com"]
[Source "ChessBase"]
[SourceQuality "1"]
[TimeControl "40/5400+30:1800+30"]

1. d4 Nf6 2. Nc3 d5 3. Bg5 c5 4. Bxf6 gxf6 5. e3 Nc6 6. Nf3 Bg4 7. Be2 e6 8. b3 Bxf3 9. Bxf3 Qa5 10. Qd3 cxd4 11. exd4 Bb4 12. Kd2 Nxd4 13. a3 Nxf3+ 14. gxf3 Bxc3+ 15. Qxc3 Qxc3+ 16. Kxc3 Ke7 17. Rhg1 Rac8+ 18. Kd2 Rc7 19. Rg7 f5 20. Rag1 Rcc8 21. R1g3 Kf6 22. R7g5 h5 23. f4 h4 24. Rg1 b5 25. R5g2 a5 26. Rb1 h3 27. Rg3 Rh4 28. Rf3 Rg8 29. Rg3 Rxg3 30. fxg3 Rh8 31. Re1 Ke7 32. Re3 Rc8 33. Re1 Kd6 34. Re3 f6 35. Rd3 e5 36. fxe5+ fxe5 37. Rf3 Ke6 38. c3 Rg8 39. Ke2 Rg4 40. Kd2 Rg8 41. Ke3 Rg4 42. Kd2 a4 43. b4 Rc4 44. Rd3 d4 45. Kc2 Rxc3+ 46. Rxc3 dxc3 47. Kxc3 Kd5 48. Kd3 e4+ 49. Kc3 Ke5 50. Kd2 Kd4 51. Ke2 e3 52. Ke1 Kd3 53. Kd1 e2+ 54. Ke1 Ke3 55. g4 0-1

[Event "EYCC Open-U10 2019"]
[Site "Bratislava"]
[Date "2019.08.07"]
[Round "6.28"]
[White "Englisch, Tobias"]
[Black "Misiuk, Martynas"]
[Result "1/2-1/2"]
[ECO "B27"]
[WhiteElo "1643"]
[BlackElo "1304"]
[Annotator "NA"]
[PlyCount "45"]
[EventDate "2019.08.02"]
[EventType "swiss"]
[EventCountry "SVK"]
[SourceTitle "playchess.com"]
[Source "ChessBase"]
[SourceQuality "1"]
[TimeControl "40/5400+30:1800+30"]

1. e4 c5 2. Nf3 g6 3. c4 Nc6 4. d4 cxd4 5. Nxd4 Nf6 6. Nc3 d6 7. Be2 Bg7 8. Be3 O-O 9. O-O Ne5 10. h3 Bd7 11. Qd2 Rc8 12. b3 a6 13. Rac1 Re8 14. Rfd1 Qa5 15. Qe1 Kh8 16. f4 Nc6 17. Bf3 Nxd4 18. Bxd4 e5 19. Be3 b5 20. cxb5 exf4 21. Bxf4 axb5 22. Bxd6 b4 23. Ne2 1/2-1/2

[Event "EYCC Open-U10 2019"]
[Site "Bratislava"]
[Date "2019.08.07"]
[Round "6.29"]
[White "Bukvaj, Martin"]
[Black "Rudnev, Andrei"]
[Result "1/2-1/2"]
[ECO "B13"]
[WhiteElo "1220"]
[BlackElo "1607"]
[Annotator "NA"]
[PlyCount "67"]
[EventDate "2019.08.02"]
[EventType "swiss"]
[EventCountry "SVK"]
[SourceTitle "playchess.com"]
[Source "ChessBase"]
[SourceQuality "1"]
[TimeControl "40/5400+30:1800+30"]

1. e4 c6 2. d4 d5 3. exd5 cxd5 4. Bd3 Nc6 5. c3 Qc7 6. Nf3 Bg4 7. O-O Nf6 8. Be3 e6 9. Nbd2 Be7 10. Re1 O-O 11. h3 Bh5 12. Nf1 Rab8 13. Ng3 Bg6 14. Bxg6 hxg6 15. Nd2 b5 16. a3 a5 17. h4 Bd6 18. Ndf1 b4 19. axb4 axb4 20. h5 gxh5 21. Nxh5 Nxh5 22. Qxh5 bxc3 23. bxc3 Ne7 24. Bd2 Rb2 25. Re3 g6 26. Qh1 f5 27. Rh3 Kf7 28. Rh7+ Ke8 29. Ra8+ Rb8 30. Rxb8+ Qxb8 31. Bg5 Kd7 32. Qh6 Rg8 33. Qh4 Qd8 34. g3 1/2-1/2

[Event "EYCC Open-U10 2019"]
[Site "Bratislava"]
[Date "2019.08.07"]
[Round "6.30"]
[White "Gusev, Mikhail"]
[Black "Rabinovich, Yoav"]
[Result "1-0"]
[ECO "C07"]
[WhiteElo "1575"]
[BlackElo "1193"]
[Annotator "NA"]
[PlyCount "101"]
[EventDate "2019.08.02"]
[EventType "swiss"]
[EventCountry "SVK"]
[SourceTitle "playchess.com"]
[Source "ChessBase"]
[SourceQuality "1"]
[TimeControl "40/5400+30:1800+30"]

1. e4 e6 2. d4 d5 3. Nd2 c5 4. Ngf3 cxd4 5. Nxd4 Nf6 6. e5 Nfd7 7. f4 Qb6 8. N2b3 Nc5 9. c3 Nxb3 10. Qxb3 Bc5 11. Be3 Bd7 12. Bd3 Nc6 13. Qxb6 Bxb6 14. Ke2 h6 15. Nb5 O-O 16. Bxb6 axb6 17. Nd6 Ra7 18. b4 Rfa8 19. Kf3 Rxa2 20. Rxa2 Rxa2 21. Nxb7 Ra3 22. Rc1 d4 23. b5 Na7 24. Nd6 Rxc3 25. Rxc3 dxc3 26. Ke2 Nc8 27. Nxc8 Bxc8 28. Be4 f5 29. Bc6 g5 30. fxg5 hxg5 31. Kd3 Kg7 32. Kxc3 Kh6 33. Kd4 Kh5 34. Ke3 Kg4 35. Bf3+ Kh4 36. Kd3 f4 37. Ke2 g4 38. Bc6 Kg5 39. Kd3 Kh4 40. Ke4 f3 41. gxf3 gxf3 42. Kxf3 Kh3 43. Kf4 Kxh2 44. Kg5 Kg3 45. Kf6 Kf4 46. Ke7 Kxe5 47. Kd8 Kd6 48. Kxc8 Kc5 49. Kb7 e5 50. Ka6 e4 51. Bxe4 1-0

[Event "EYCC Open-U10 2019"]
[Site "Bratislava"]
[Date "2019.08.07"]
[Round "6.31"]
[White "Simbelov, Roman T."]
[Black "Romanov, Vladislav O."]
[Result "1-0"]
[ECO "B72"]
[WhiteElo "1560"]
[BlackElo "1099"]
[Annotator "NA"]
[PlyCount "177"]
[EventDate "2019.08.02"]
[EventType "swiss"]
[EventCountry "SVK"]
[SourceTitle "playchess.com"]
[Source "ChessBase"]
[SourceQuality "1"]
[TimeControl "40/5400+30:1800+30"]

1. e4 c5 2. Nf3 Nc6 3. d4 cxd4 4. Nxd4 Nf6 5. Nc3 d6 6. Be2 g6 7. Be3 Bg7 8. Qd2 h5 9. f3 Bd7 10. h4 Rc8 11. O-O-O a6 12. Bg5 Ne5 13. Nb3 Nc4 14. Bxc4 Rxc4 15. Nd5 Nxd5 16. Qxd5 Qc8 17. Qd2 b5 18. Rhe1 b4 19. Re2 Be6 20. Qd3 Qc7 21. Be3 Rc6 22. Qd2 Bxb3 23. axb3 Qa5 24. Kb1 O-O 25. Qd5 Qxd5 26. exd5 Rc7 27. Bg5 Bf6 28. Re4 Rfc8 29. Rd2 a5 30. g4 Bxg5 31. hxg5 hxg4 32. Rxg4 Kg7 33. Re4 Rh8 34. Rde2 Kf8 35. Kc1 Rh5 36. Rg2 Rh3 37. f4 Rh1+ 38. Kd2 Rb1 39. Re3 Rc5 40. Rd3 Rf1 41. Rh2 Ke8 42. Rd4 Kd7 43. c4 bxc3+ 44. bxc3 Rf3 45. b4 Rcxc3 46. bxa5 Ra3 47. Rh7 Rxa5 48. Ke2 Rb3 49. Rxf7 Ra2+ 50. Rd2 Ra4 51. Rf8 Rh3 52. Kf1 Rf3+ 53. Rf2 Rg3 54. Rb2 Ra7 55. Rbb8 Kc7 56. Rbc8+ Kb7 57. Rb8+ Kc7 58. Rbc8+ Kb7 59. Rb8+ Kc7 60. Rfc8+ Kd7 61. Rd8+ Kc7 62. Rbc8+ Kb7 63. Rc4 Rga3 64. Rd7+ Kb8 65. Rd8+ Kb7 66. Kf2 R3a5 67. Rc3 Ra4 68. Kf3 Ra1 69. Rd7+ Kb8 70. Rxa7 Rxa7 71. f5 gxf5 72. Kf4 Ra1 73. g6 Rg1 74. Rg3 Rf1+ 75. Kg5 f4 76. Rg4 f3 77. g7 f2 78. g8=Q+ Kc7 79. Qf7 Kd7 80. Rg2 Rg1 81. Qxf2 Rxg2+ 82. Qxg2 Kd8 83. Qc2 Kd7 84. Qc6+ Kd8 85. Qb7 Ke8 86. Kg6 Kd8 87. Kf7 e5 88. Ke6 e4 89. Qd7# 1-0

[Event "EYCC Open-U10 2019"]
[Site "Bratislava"]
[Date "2019.08.07"]
[Round "6.32"]
[White "Povshednyi, Ivan"]
[Black "Setina, Vaclav"]
[Result "1-0"]
[ECO "B39"]
[WhiteElo "1872"]
[BlackElo "1415"]
[Annotator "NA"]
[PlyCount "63"]
[EventDate "2019.08.02"]
[EventType "swiss"]
[EventCountry "SVK"]
[SourceTitle "playchess.com"]
[Source "ChessBase"]
[SourceQuality "1"]
[TimeControl "40/5400+30:1800+30"]

1. e4 c5 2. Nf3 Nc6 3. d4 cxd4 4. Nxd4 g6 5. c4 Bg7 6. Be3 Nf6 7. Nc3 Ng4 8. Qxg4 Nxd4 9. Qd1 Ne6 10. Qd2 O-O 11. Be2 b6 12. O-O Bb7 13. f3 d6 14. Rac1 Qd7 15. Rfd1 Rfd8 16. Nd5 Rac8 17. b3 Nc7 18. a4 Bxd5 19. cxd5 b5 20. Qa5 bxa4 21. bxa4 Ne8 22. Bb5 Qb7 23. Bc6 Qc7 24. Qxa7 Qxa7 25. Bxa7 Nf6 26. Bb6 Rf8 27. a5 Rb8 28. Rb1 Rfc8 29. a6 Bh6 30. Kf2 Ra8 31. a7 Bg7 32. Be3 1-0

[Event "EYCC Open-U10 2019"]
[Site "Bratislava"]
[Date "2019.08.07"]
[Round "6.33"]
[White "Biyiksiz, Ali Batuhan"]
[Black "Sapocinic, Semion"]
[Result "0-1"]
[ECO "B51"]
[WhiteElo "1378"]
[BlackElo "1781"]
[Annotator "NA"]
[PlyCount "112"]
[EventDate "2019.08.02"]
[EventType "swiss"]
[EventCountry "SVK"]
[SourceTitle "playchess.com"]
[Source "ChessBase"]
[SourceQuality "1"]
[TimeControl "40/5400+30:1800+30"]

1. e4 c5 2. Nf3 d6 3. Bb5+ Nd7 4. O-O a6 5. Bxd7+ Bxd7 6. c3 Nf6 7. Re1 e6 8. d4 Be7 9. a3 Bc6 10. Nbd2 O-O 11. b4 cxb4 12. cxb4 a5 13. Bb2 axb4 14. axb4 Rxa1 15. Qxa1 d5 16. e5 Nd7 17. Ba3 Nb6 18. Rb1 Bb5 19. Qc3 Qd7 20. Rc1 Rc8 21. Qa1 Ra8 22. Qc3 Rc8 23. Qa1 Nc4 24. Nxc4 Bxc4 25. Qc3 Ra8 26. Ra1 Qb5 27. Nd2 h6 28. Nxc4 Qxc4 29. Qb2 Bxb4 30. Bxb4 Rxa1+ 31. Qxa1 Qxb4 32. Kf1 Qc4+ 33. Ke1 b5 34. Kd2 b4 35. g3 b3 36. Qb2 Qb4+ 37. Kd3 Qb5+ 38. Kd2 Qc4 39. f4 g5 40. fxg5 hxg5 41. Qc3 Qxc3+ 42. Kxc3 g4 43. Kxb3 f6 44. Kc3 Kf7 45. exf6 Kxf6 46. Kd3 Kf5 47. Ke3 e5 48. Kd3 exd4 49. Kxd4 Ke6 50. Kd3 Ke5 51. Ke3 d4+ 52. Kd3 Kd5 53. Kc2 Ke4 54. Kd2 d3 55. Kc3 Ke3 56. Kc4 d2 0-1

[Event "EYCC Open-U10 2019"]
[Site "Bratislava"]
[Date "2019.08.07"]
[Round "6.34"]
[White "Jalovec, Igor"]
[Black "Jaakkola, Niklas"]
[Result "1/2-1/2"]
[ECO "B22"]
[WhiteElo "1465"]
[BlackElo "1587"]
[Annotator "NA"]
[PlyCount "115"]
[EventDate "2019.08.02"]
[EventType "swiss"]
[EventCountry "SVK"]
[SourceTitle "playchess.com"]
[Source "ChessBase"]
[SourceQuality "1"]
[TimeControl "40/5400+30:1800+30"]

1. e4 c5 2. c3 Nf6 3. e5 Nd5 4. d4 cxd4 5. Nf3 Nc6 6. cxd4 d6 7. Bc4 Nb6 8. Bb5 dxe5 9. Nxe5 Bd7 10. Bxc6 Bxc6 11. Nxc6 bxc6 12. O-O g6 13. Be3 Bg7 14. Nc3 O-O 15. Rc1 Nc4 16. b3 Nxe3 17. fxe3 f5 18. Qf3 Qd6 19. Ne2 Rac8 20. Rc5 Rc7 21. Rfc1 Rfc8 22. Qf4 Kh8 23. g3 Kg8 24. b4 a6 25. a3 Kh8 26. Kh1 Kg8 27. Ng1 Qxf4 28. gxf4 e6 29. Nf3 h6 30. Ne5 Bxe5 31. Rxe5 Kf7 32. Ra5 Ra7 33. b5 Ke7 34. Rxc6 Rxc6 35. bxc6 Kd6 36. Kg2 Kxc6 37. Kf3 Kd6 38. h3 Ra8 39. a4 Ra7 40. Ke2 Kc6 41. Rc5+ Kd7 42. Ra5 Kd6 43. Kd3 Ra8 44. e4 Kc6 45. Rc5+ Kd7 46. d5 Rb8 47. dxe6+ Kxe6 48. exf5+ gxf5 49. Rc6+ Kd5 50. Rxh6 Rb3+ 51. Kc2 Ra3 52. Rxa6 Rxh3 53. Rb6 Ra3 54. Rb5+ Kc4 55. Rxf5 Rxa4 56. Rh5 Ra2+ 57. Kb1 Rf2 58. Rf5 1/2-1/2